[Event "Titled Tuesday Blitz July 11 Late 2023"]
[White "Chor, Kevin"]
[Black "Priasmoro, Novendra"]
[WhiteFideId "2090740"]
[BlackFideId "7105029"]
[WhiteElo "2529"]
[BlackElo "2762"]
[Result "0-1"]
[Round "5"]
[TimeControl "180+2"]
[Date "2023.07.11"]
[WhiteClock "0:00:00"]
[BlackClock "0:00:35"]
[Board "42"]

1. e4 c5 2. Nf3 Nc6 3. d4 cxd4 4. Nxd4 Nf6 5. Nc3 e6 6. Ndb5 Bc5 7. Nd6+ Ke7 8. Nxc8+ Rxc8 9. Bd3 d5 10. exd5 Nxd5 11. Bg5+ f6 12. Bd2 Kf7 13. O-O Ne5 14. Be4 Ne7 15. Bxb7 Rb8 16. Be4 Nc4 17. Qh5+ g6 18. Qxc5 Rc8 19. Qxa7 Rc7 20. Qa6 Qxd2 21. Rad1 Qf4 22. Nb5 Rc5 23. Rfe1 Re5 24. Nc3 Nxb2 25. Rb1 Rb8 26. g3 Qd2 27. Re3 Rc5 28. Na4 Ra5 29. Qf1 Rxa4 30. Bg2 Qxc2 31. Rbe1 e5 32. Bh3 Nc4 33. R3e2 Qc3 34. Rc1 Qd3 35. Qe1 Rb2 36. Rxb2 Nxb2 37. Bf1 Qd4 38. Qe2 e4 39. Rc2 Nd3 40. Qg4 h5 41. Qh4 Nf5 42. Qh3 Nxf2 43. Rxf2 Rxa2 0-1


[Site "https://www.chess.com"]

[Event "Titled Tuesday Blitz July 11 Late 2023"]
[White "Tanenbaum, Zachary"]
[Black "Deng, Henry"]
[WhiteFideId "2060850"]
[BlackFideId "30965454"]
[WhiteElo "2757"]
[BlackElo "2522"]
[Result "1-0"]
[Round "5"]
[TimeControl "180+2"]
[Date "2023.07.11"]
[WhiteClock "0:00:13"]
[BlackClock "0:00:10"]
[Board "43"]

1. e4 e5 2. Nf3 Nc6 3. Bc4 d6 4. Nc3 Bg4 5. h3 Be6 6. Bxe6 fxe6 7. O-O Nge7 8. d4 Ng6 9. dxe5 Ncxe5 10. Nxe5 Nxe5 11. f4 Nf7 12. Qg4 Qd7 13. Be3 O-O-O 14. a4 Kb8 15. Nb5 a6 16. Nd4 e5 17. Ne6 Re8 18. f5 Nd8 19. Nxf8 Rhxf8 20. c4 g6 21. Bh6 gxf5 22. exf5 Rg8 23. Qe4 Nf7 24. Be3 Ng5 25. Bxg5 Rxg5 26. Rf2 Qc6 27. Qxc6 bxc6 28. Ra3 Kc8 29. g4 h5 30. Rg2 Reg8 31. Rag3 hxg4 32. Rxg4 Rxg4 33. hxg4 Rg5 34. Kf2 d5 35. Kg3 d4 36. Kh4 Rg8 37. g5 d3 38. g6 Kd7 39. f6 e4 40. f7 Rh8+ 41. Kg5 e3 42. g7 Rh5+ 43. Kxh5 d2 44. Rg1 e2 45. g8=Q e1=Q 46. Qe8+ Qxe8 47. fxe8=Q+ Kxe8 48. Rd1 1-0


[Site "https://www.chess.com"]

[Event "Titled Tuesday Blitz July 11 Late 2023"]
[White "Koc, Przemyslaw"]
[Black "Jarovinsky, Alexey"]
[WhiteFideId "1109081"]
[BlackFideId "14115131"]
[WhiteElo "2521"]
[BlackElo "2724"]
[Result "1/2-1/2"]
[Round "5"]
[TimeControl "180+2"]
[Date "2023.07.11"]
[WhiteClock "0:00:05"]
[BlackClock "0:00:06"]
[Board "44"]

1. Nf3 Nc6 2. d4 d6 3. d5 Ne5 4. Nxe5 dxe5 5. e4 Nf6 6. Nc3 e6 7. Bb5+ Bd7 8. dxe6 Bxb5 9. exf7+ Kxf7 10. Qxd8 Rxd8 11. Nxb5 Nxe4 12. f3 a6 13. fxe4 axb5 14. O-O+ Ke6 15. Be3 Ra8 16. a3 Be7 17. c3 Ra4 18. b4 Rha8 19. Bc1 c5 20. Bb2 Rd8 21. Rad1 Raa8 22. Kf2 Rxd1 23. Rxd1 Rf8+ 24. Ke3 Bg5+ 25. Ke2 Rf4 26. g3 Rxe4+ 27. Kf3 Rc4 28. h4 e4+ 29. Ke2 Bf6 30. bxc5 Bxc3 31. Rd6+ Ke5 32. Bxc3+ Rxc3 33. Rb6 Rxg3 34. Rxb7 Kd4 35. c6 Rc3 36. Rxg7 Rxc6 37. Rxh7 Rc2+ 38. Kd1 Rh2 39. Rb7 Kd3 40. Rd7+ Ke3 41. Rd5 Rb2 42. h5 Rh2 43. Rxb5 Kd3 44. Rd5+ Kc4 45. Rg5 Kd3 46. Rd5+ Kc4 47. Rg5 e3 48. Ke1 Kd3 49. Rd5+ Ke4 50. Rb5 Kf3 51. Rf5+ Ke4 52. Rb5 Ra2 53. h6 Rh2 54. Rb6 Kf3 55. Rf6+ Ke4 56. a4 Kd3 57. Rd6+ Ke4 58. a5 Rh1+ 59. Ke2 Rh2+ 60. Ke1 Rh1+ 61. Ke2 Rh2+ 62. Ke1 1/2-1/2


[Site "https://www.chess.com"]

[Event "Titled Tuesday Blitz July 11 Late 2023"]
[White "Haydon, David L"]
[Black "Mindhunter08"]
[WhiteFideId "415405"]
[WhiteElo "2721"]
[BlackElo "2510"]
[Result "1-0"]
[Round "5"]
[TimeControl "180+2"]
[Date "2023.07.11"]
[WhiteClock "0:01:06"]
[BlackClock "0:00:04"]
[Board "45"]

1. d4 d5 2. Nf3 Nf6 3. c4 c6 4. e3 e6 5. Nc3 Nbd7 6. Qc2 Bd6 7. Bd3 b6 8. e4 dxe4 9. Nxe4 Nxe4 10. Bxe4 Bb7 11. Bg5 Bb4+ 12. Kf1 Be7 13. Bxe7 Qxe7 14. Rc1 Nf6 15. c5 O-O 16. g3 Rfd8 17. Kg2 Nxe4 18. Qxe4 Rd5 19. b4 Rad8 20. Rhe1 a5 21. a3 Qf6 22. cxb6 axb4 23. axb4 Qe7 24. Rc5 Ra8 25. Ne5 Qd6 26. Qf4 f6 27. Nc4 Qd7 28. Na5 Rxd4 29. Qc7 Qxc7 30. bxc7 Bc8 31. Nxc6 Rd7 32. Na5 e5 33. Ra1 Ra7 34. Rac1 Kf7 35. Nc4 Rb7 36. b5 Ke7 37. b6 Rd4 38. Kf3 e4+ 39. Ke3 Rd3+ 40. Kxe4 Rb3 41. Ne3 Rb4+ 42. Kf3 R7xb6 43. Nd5+ Kd7 44. Nxb6+ Rxb6 45. Rd1+ Rd6 46. Rxd6+ Kxd6 47. Rc3 Bb7+ 48. Kf4 Kd7 49. h4 Ba6 50. g4 Bb7 51. g5 fxg5+ 52. hxg5 Bc8 53. Ke5 Ke7 54. f4 g6 55. Rd3 Bd7 56. Rd6 Bc8 57. Rd8 1-0


[Site "https://www.chess.com"]

[Event "Titled Tuesday Blitz July 11 Late 2023"]
[White "Jaferian, Koosha"]
[Black "Romero Ruscalleda, Josep"]
[WhiteFideId "12507440"]
[BlackFideId "2231859"]
[WhiteElo "2720"]
[BlackElo "2461"]
[Result "1-0"]
[Round "5"]
[TimeControl "180+2"]
[Date "2023.07.11"]
[WhiteClock "0:02:06"]
[BlackClock "0:00:57"]
[Board "46"]

1. Nf3 g6 2. b3 Bg7 3. d4 d6 4. Bb2 c5 5. g3 Nc6 6. Bg2 cxd4 7. Nxd4 Nxd4 8. Bxd4 Nf6 9. O-O O-O 10. c4 Qc7 11. Nc3 Bd7 12. Bxf6 exf6 13. Nd5 Qd8 14. Qd2 Bc6 15. Rad1 Re8 16. e3 f5 17. Nb4 Bxg2 18. Kxg2 Re6 19. Nd5 Qd7 20. Qd3 Rae8 21. Rd2 Qc6 22. Rfd1 a6 23. Kg1 b5 24. Rc2 bxc4 25. Rxc4 Qb7 26. Nc7 d5 27. Qxd5 Qb6 28. Nxe6 fxe6 29. Qd7 Rf8 30. Rc7 1-0


[Site "https://www.chess.com"]

[Event "Titled Tuesday Blitz July 11 Late 2023"]
[White "Bueno, Alfeu Junior Varela"]
[Black "Jaracz, Pawel"]
[WhiteFideId "2108879"]
[BlackFideId "1102222"]
[WhiteElo "2453"]
[BlackElo "2716"]
[Result "0-1"]
[Round "5"]
[TimeControl "180+2"]
[Date "2023.07.11"]
[WhiteClock "0:00:00"]
[BlackClock "0:00:10"]
[Board "47"]

1. e4 e5 2. Nc3 Nf6 3. f4 d5 4. fxe5 Nxe4 5. Qf3 Nxc3 6. dxc3 Nc6 7. Bf4 Be6 8. O-O-O Qd7 9. h3 O-O-O 10. Bb5 a6 11. Ba4 b5 12. Bb3 Na5 13. Qf2 c5 14. a3 d4 15. Bxe6 Qxe6 16. Qf3 Kb8 17. Kb1 Be7 18. Ne2 Nc6 19. Qe4 f5 20. Qf3 Rhf8 21. h4 Ka7 22. cxd4 cxd4 23. Qf2 Bc5 24. c3 Qc4 25. cxd4 Nxd4 26. Nxd4 Rxd4 27. Rxd4 Bxd4 28. Qd2 Rd8 29. Be3 Kb7 30. Rc1 Qd5 31. Bxd4 Qxd4 32. Qg5 Rd7 33. Qxf5 Qd3+ 34. Qxd3 Rxd3 35. Re1 Kc7 36. e6 Kd8 37. e7+ Ke8 38. Re6 a5 39. Re5 Rb3 40. Ka2 a4 41. Rd5 Kxe7 42. Rc5 Kf6 43. Rc7 h5 44. Rc6+ Kf5 45. Rc5+ Kg4 46. Rg5+ Kxh4 47. Rxg7 Rg3 48. Rb7 Rg5 49. b3 axb3+ 50. Kxb3 Kg3 51. Kb4 h4 52. Rh7 Rg4+ 53. Kxb5 Kxg2 54. a4 h3 55. a5 Rg5+ 56. Kb6 Rg3 57. a6 Rb3+ 58. Kc7 h2 0-1


[Site "https://www.chess.com"]

[Event "Titled Tuesday Blitz July 11 Late 2023"]
[White "Seletsky, Grigory"]
[Black "Lavrik, Dmitry"]
[WhiteFideId "14112191"]
[BlackFideId "24113190"]
[WhiteElo "2429"]
[BlackElo "2697"]
[Result "1/2-1/2"]
[Round "5"]
[TimeControl "180+2"]
[Date "2023.07.11"]
[WhiteClock "0:00:03"]
[BlackClock "0:00:06"]
[Board "48"]

1. e4 c5 2. Nf3 e6 3. c4 d6 4. Nc3 Nf6 5. d4 cxd4 6. Nxd4 b6 7. g3 Bb7 8. Bg2 a6 9. O-O Qc7 10. Bg5 Be7 11. Rc1 O-O 12. b4 Re8 13. Qe2 Nbd7 14. Nb3 Rac8 15. Nd2 Qb8 16. a3 Qa8 17. Rfe1 Rc7 18. h3 Rec8 19. g4 Ne5 20. Na4 Ned7 21. Nc3 b5 22. Nb3 Rxc4 23. Bd2 d5 24. Na5 d4 25. Na2 Rxc1 26. Nxc1 e5 27. Nxb7 Qxb7 28. Nd3 Bd6 29. Qd1 Nb6 30. g5 Nfd7 31. f4 exf4 32. e5 Qc7 33. exd6 Qxd6 34. Bxf4 Qg6 35. Ne5 Nxe5 36. Rxe5 Nc4 37. Rd5 Nxa3 38. Qxd4 Rf8 39. Be4 Qe6 40. Kg2 Nc4 41. Bg3 h6 42. gxh6 Qxh6 43. Bf2 Qe6 44. Kh2 Re8 45. Bf3 Qe7 46. Bg3 g6 47. Rd7 Qe6 48. Bd5 Qe2+ 49. Bf2 Re7 50. Rxe7 Qxe7 51. Bxc4 bxc4 52. Qxc4 Qd6+ 53. Bg3 Qd2+ 54. Kg1 Qd1+ 55. Kg2 Qd2+ 56. Bf2 Qg5+ 57. Qg4 Qd5+ 58. Qf3 Qc4 59. Qg4 Qd5+ 60. Qf3 Qc4 61. Qg4 Qd5+ 1/2-1/2


[Site "https://www.chess.com"]

[Event "Titled Tuesday Blitz July 11 Late 2023"]
[White "Goryachkina, Aleksandra"]
[Black "Todorovic, Bojan"]
[WhiteFideId "4147103"]
[BlackFideId "917087"]
[WhiteElo "2685"]
[BlackElo "2398"]
[Result "1-0"]
[Round "5"]
[TimeControl "180+2"]
[Date "2023.07.11"]
[WhiteClock "0:00:16"]
[BlackClock "0:00:15"]
[Board "49"]

1. e4 g6 2. d4 Bg7 3. Nf3 d6 4. Bd3 a6 5. O-O Nd7 6. Nbd2 e6 7. a4 b6 8. Re1 Ne7 9. Nf1 Bb7 10. Ng3 h5 11. Bg5 Nf6 12. Qe2 Qd7 13. a5 b5 14. Rad1 O-O 15. e5 Nfd5 16. c3 Nf5 17. Ne4 Rae8 18. h3 f6 19. exf6 Nxf6 20. Nxf6+ Bxf6 21. Bxf6 Rxf6 22. Ng5 Bd5 23. Be4 Qc6 24. Bxd5 Qxd5 25. Ne4 Rf7 26. Qd2 Kg7 27. Qg5 Ne7 28. Rd3 Ng8 29. Rg3 Qxg5 30. Nxg5 Rfe7 31. Rge3 e5 32. dxe5 dxe5 33. Ne4 Nf6 34. Nc5 Re6 35. Nxe6+ Rxe6 36. Rxe5 Rd6 37. Re7+ Kh6 38. Rxc7 Rd2 39. Rc6 Rxb2 40. Rxf6 1-0


[Site "https://www.chess.com"]

[Event "Titled Tuesday Blitz July 11 Late 2023"]
[White "Gerbelli Neto, Eduardo"]
[Black "Przybylski, Wojciech"]
[WhiteFideId "2103281"]
[BlackFideId "1117599"]
[WhiteElo "2351"]
[BlackElo "2569"]
[Result "0-1"]
[Round "5"]
[TimeControl "180+2"]
[Date "2023.07.11"]
[WhiteClock "0:00:00"]
[BlackClock "0:00:11"]
[Board "50"]

1. e4 e5 2. Nf3 Nf6 3. Nc3 Bb4 4. Nxe5 O-O 5. Bc4 Qe7 6. Nf3 Nxe4 7. O-O Bxc3 8. bxc3 c6 9. a4 Re8 10. Re1 d5 11. Bf1 Be6 12. c4 Qf6 13. Rb1 Nd7 14. Bb2 Qg6 15. cxd5 cxd5 16. d3 Nec5 17. Bd4 Bg4 18. Rxe8+ Rxe8 19. Be2 b6 20. c3 Bh3 21. g3 h6 22. Nh4 Qe6 23. Bf3 Nxa4 24. Ra1 Nb2 25. Qd2 Nxd3 26. Ng2 N3e5 27. Be2 Bxg2 28. Kxg2 a5 29. Bb5 Rd8 30. Re1 Qf5 31. f4 Ng6 32. Bxd7 Rxd7 33. Bxb6 Qg4 34. Bxa5 Nh4+ 35. Kf2 Qf3+ 36. Kg1 Nf5 37. Qf2 Qd3 38. Qe2 Qc4 39. Qe8+ Kh7 40. Qxd7 Qc5+ 41. Kg2 Kg6 0-1


[Site "https://www.chess.com"]

[Event "Titled Tuesday Blitz July 11 Late 2023"]
[White "Pinero Rodriguez, Carlos Jose"]
[Black "Leitao, Rafael"]
[WhiteFideId "3901726"]
[BlackFideId "2101246"]
[WhiteElo "2421"]
[BlackElo "2754"]
[Result "0-1"]
[Round "5"]
[TimeControl "180+2"]
[Date "2023.07.11"]
[WhiteClock "0:00:16"]
[BlackClock "0:00:18"]
[Board "51"]

1. b3 Nf6 2. Bb2 g6 3. Bxf6 exf6 4. d4 d5 5. e3 f5 6. g3 c6 7. h4 h5 8. Bg2 Nd7 9. Ne2 Nf6 10. Nd2 Bd6 11. c4 Be6 12. cxd5 Bxd5 13. Bxd5 Nxd5 14. Nf3 Bb4+ 15. Kf1 O-O 16. a3 Bd6 17. Qd3 Qe7 18. a4 Nb4 19. Qb1 c5 20. Kg2 Rac8 21. Rd1 c4 22. bxc4 Rxc4 23. Qb3 Rfc8 24. Rac1 Qc7 25. Qb1 Qa5 26. Qb3 Qa6 27. Rxc4 Rxc4 28. Nc3 Qc6 29. Nb5 Rc2 30. Nxd6 Qxd6 31. Rd2 Rxd2 32. Nxd2 b6 33. Qc4 Qd5+ 34. Qxd5 Nxd5 35. Nc4 Kf8 36. Kf1 Ke7 37. Ke1 Nc3 38. a5 bxa5 39. Nxa5 Kd6 40. f3 Kd5 41. Kd2 Nb5 42. Kd3 Nd6 43. Nb3 Kc6 44. e4 fxe4+ 45. fxe4 Kb5 46. e5 Nf5 47. d5 Nxg3 48. Nd4+ Kb6 49. e6 fxe6 50. dxe6 Kc7 51. Kc4 Kd6 52. Kd3 Nf5 53. Nb5+ Kxe6 54. Nxa7 Nxh4 55. Ke4 Kf6 56. Kf4 Nf5 57. Nc6 g5+ 58. Kf3 Ke6 59. Nd8+ Ke5 60. Nf7+ Kf6 61. Nd8 Nd4+ 62. Kg3 Ne6 63. Nc6 Kf5 64. Ne7+ Kf6 65. Nc6 Ng7 66. Nd4 Nf5+ 67. Nxf5 Kxf5 0-1


[Site "https://www.chess.com"]

[Event "Titled Tuesday Blitz July 11 Late 2023"]
[White "Shohat, Yotam"]
[Black "Yanchenko, Roman"]
[WhiteFideId "2813955"]
[BlackFideId "4137329"]
[WhiteElo "2565"]
[BlackElo "2737"]
[Result "1-0"]
[Round "5"]
[TimeControl "180+2"]
[Date "2023.07.11"]
[WhiteClock "0:00:13"]
[BlackClock "0:01:01"]
[Board "52"]

1. e4 e6 2. d4 d5 3. Nc3 Bb4 4. e5 Ne7 5. a3 Bxc3+ 6. bxc3 b6 7. Qg4 O-O 8. Bh6 Ng6 9. Bg5 f5 10. Qg3 Qe8 11. h4 Ba6 12. Bxa6 Nxa6 13. h5 Ne7 14. Nh3 Kh8 15. Nf4 h6 16. Bxe7 Rf7 17. Bh4 c5 18. O-O Rc8 19. Qg6 Rc6 20. Rfe1 Rf8 21. Bf6 gxf6 22. Qxh6+ Kg8 23. exf6 Rf7 24. Nxd5 Qf8 25. Ne7+ Rxe7 26. fxe7 Qxe7 27. d5 Rd6 28. Rxe6 Rxe6 29. Qxe6+ Qxe6 30. dxe6 Nc7 31. Re1 Ne8 32. f3 Kg7 33. g4 Kf6 34. Kg2 b5 35. Kg3 a5 36. Kf4 fxg4 37. fxg4 b4 38. g5+ Ke7 39. cxb4 cxb4 40. axb4 axb4 41. Kf5 Ng7+ 42. Kg6 Ne8 43. h6 b3 44. cxb3 Nc7 45. h7 Na6 46. h8=Q Nb8 47. Qf6+ Ke8 48. Qf7+ Kd8 49. Rd1+ Kc8 50. Rc1+ Kd8 51. Qc7+ Ke8 52. Qxb8+ Ke7 53. Qe5 Kf8 54. e7+ Kg8 55. e8=Q# 1-0


[Site "https://www.chess.com"]

[Event "Titled Tuesday Blitz July 11 Late 2023"]
[White "Rottenwohrer Suarez, Juan"]
[Black "Oro, Faustino"]
[WhiteFideId "32068182"]
[BlackFideId "20000197"]
[WhiteElo "2542"]
[BlackElo "2731"]
[Result "0-1"]
[Round "5"]
[TimeControl "180+2"]
[Date "2023.07.11"]
[WhiteClock "0:00:00"]
[BlackClock "0:00:16"]
[Board "53"]

1. c4 e5 2. g3 Nf6 3. Bg2 c6 4. d4 e4 5. Bg5 d5 6. Nc3 Be7 7. cxd5 cxd5 8. Qb3 Nbd7 9. f3 exf3 10. exf3 O-O 11. Nge2 h6 12. Bf4 Nb6 13. O-O Bf5 14. g4 Bd3 15. Rad1 Bc4 16. Qc2 Rc8 17. Qb1 Bb4 18. Rf2 Re8 19. Bf1 Qd7 20. h3 Bxc3 21. Nxc3 Bxf1 22. Rfxf1 Nc4 23. Rfe1 h5 24. Kg2 hxg4 25. hxg4 Nxg4 26. fxg4 Qxg4+ 27. Bg3 Ne3+ 28. Kf2 Nf5 29. Rg1 Qh3 30. Qd3 Re3 31. Qxe3 Nxe3 32. Kxe3 Re8+ 33. Kf2 Qf5+ 34. Kg2 Qc2+ 35. Kh1 Re6 36. Rg2 Rh6+ 37. Rh2 Qg6 38. Rxh6 gxh6 39. Kg2 h5 40. Kf2 Qg4 41. Rg1 Kh7 42. Bh2 Qxd4+ 43. Kg2 Qd2+ 44. Kh1 Qd3 45. Be5 Qf3+ 46. Kh2 d4 47. Bxd4 Qf4+ 0-1


[Site "https://www.chess.com"]

[Event "Titled Tuesday Blitz July 11 Late 2023"]
[White "Nazari, Arad"]
[Black "brm72"]
[WhiteFideId "12577324"]
[WhiteElo "2715"]
[BlackElo "2536"]
[Result "0-1"]
[Round "5"]
[TimeControl "180+2"]
[Date "2023.07.11"]
[WhiteClock "0:00:00"]
[BlackClock "0:00:15"]
[Board "54"]

1. e4 c6 2. Nf3 d5 3. Nc3 dxe4 4. Nxe4 Nf6 5. Qe2 Nxe4 6. Qxe4 Nd7 7. Bc4 Nf6 8. Ne5 e6 9. Qe2 b5 10. Bd3 Qc7 11. a4 a6 12. axb5 Bd6 13. Nxc6 Bb7 14. b3 O-O 15. Bb2 axb5 16. Rxa8 Rxa8 17. Nd4 Ra2 18. Bc1 Bxg2 19. Rg1 Ra1 20. Qd1 Ba3 21. Bxa3 Qe5+ 22. Ne2 Rxd1+ 23. Kxd1 Bf3 24. Rg3 Qa1+ 25. Bc1 Bxe2+ 26. Bxe2 Ne4 27. Rf3 g5 28. Bd3 Qd4 29. c3 Nxf2+ 30. Ke2 Qd5 31. Rxf2 Qxb3 32. Rf1 Kg7 33. Ke3 h6 34. Be4 f5 35. Bd3 Kf6 36. Be2 f4+ 37. Kf2 e5 38. d3 Qxc3 39. Rd1 Qd4+ 40. Kf1 Kf5 41. Bd2 g4 42. Be1 f3 43. Bf2 fxe2+ 44. Kxe2 Qf4 45. Bg3 Qf3+ 46. Kd2 e4 47. dxe4+ Kxe4 48. Re1+ Kd4 49. Re8 Qc3+ 50. Kd1 Qb3+ 51. Kd2 Qb2+ 52. Kd1 Kd3 53. Rd8+ Ke3 54. Re8+ Kf3 55. Rf8+ Kg2 56. Rf4 h5 57. Rf5 Qb1+ 0-1


[Site "https://www.chess.com"]

[Event "Titled Tuesday Blitz July 11 Late 2023"]
[White "Srinath, Rao S.V."]
[Black "Rosen, Eric"]
[WhiteFideId "5028876"]
[BlackFideId "2032562"]
[WhiteElo "2536"]
[BlackElo "2701"]
[Result "1-0"]
[Round "5"]
[TimeControl "180+2"]
[Date "2023.07.11"]
[WhiteClock "0:00:24"]
[BlackClock "0:00:06"]
[Board "55"]

1. e4 e5 2. Nf3 Nf6 3. Nc3 Bc5 4. Bc4 d6 5. d3 Nc6 6. Na4 Bb6 7. h3 O-O 8. Nxb6 axb6 9. a3 Be6 10. Bxe6 fxe6 11. O-O Qe8 12. Re1 Nh5 13. c3 Nf4 14. Bxf4 Rxf4 15. d4 exd4 16. cxd4 Qf7 17. d5 Ne7 18. Ng5 Qf6 19. Nxe6 Rxf2 20. Rf1 Rxf1+ 21. Qxf1 Qxb2 22. Rc1 c5 23. Rb1 Qe5 24. Rxb6 Qxe4 25. Rxb7 Nf5 26. Qa1 Qe3+ 27. Kh1 Qg3 28. Qb1 Rxa3 29. Rb8+ Kf7 30. Qxf5+ Ke7 31. Rb7+ Ke8 32. Qf7# 1-0


[Site "https://www.chess.com"]

[Event "Titled Tuesday Blitz July 11 Late 2023"]
[White "Matinian, Nikita"]
[Black "Mattheii"]
[WhiteFideId "24129100"]
[WhiteElo "2689"]
[BlackElo "2528"]
[Result "1-0"]
[Round "5"]
[TimeControl "180+2"]
[Date "2023.07.11"]
[WhiteClock "0:00:39"]
[BlackClock "0:00:04"]
[Board "56"]

1. e4 c5 2. Nf3 Nc6 3. Bb5 g6 4. O-O Bg7 5. d3 e5 6. a3 Nd4 7. Nxd4 cxd4 8. f4 Ne7 9. fxe5 O-O 10. Bf4 Nc6 11. Bxc6 dxc6 12. Nd2 Re8 13. Nc4 Be6 14. Nd6 Rf8 15. Nxb7 Qb6 16. Nd6 Qxb2 17. Qd2 Rab8 18. h4 h5 19. Qf2 Qc3 20. Qg3 Qxc2 21. Nf5 Rb3 22. Rad1 Bxf5 23. exf5 Rxa3 24. fxg6 fxg6 25. Qxg6 Ra2 26. Bh6 Rxf1+ 27. Rxf1 Qxg2+ 28. Qxg2 Rxg2+ 29. Kxg2 Bxh6 30. Kf3 Kf7 31. Ke4+ Ke7 32. Ra1 Ke6 33. Ra6 Be3 34. Rxc6+ Ke7 35. Ra6 1-0


[Site "https://www.chess.com"]

[Event "Titled Tuesday Blitz July 11 Late 2023"]
[White "Nefedov, Sergey"]
[Black "Yeritsyan, Hayk"]
[WhiteFideId "24113417"]
[BlackFideId "13307320"]
[WhiteElo "2675"]
[BlackElo "2521"]
[Result "0-1"]
[Round "5"]
[TimeControl "180+2"]
[Date "2023.07.11"]
[WhiteClock "0:01:28"]
[BlackClock "0:01:06"]
[Board "57"]

1. d4 d5 2. Nf3 Nf6 3. Bf4 c6 4. e3 Bg4 5. Be2 e6 6. O-O Bd6 7. Nbd2 Bxf4 8. exf4 Bxf3 9. Nxf3 O-O 10. c3 Nbd7 11. Ne5 c5 12. Bb5 cxd4 13. Bxd7 Nxd7 14. Qxd4 Nxe5 15. Qxe5 Qf6 16. Qxf6 gxf6 17. f5 Rfe8 18. fxe6 fxe6 19. Rad1 Kf7 20. Rd4 Rad8 21. Rfd1 Ke7 22. f4 f5 23. Kf2 Rc8 24. h3 h5 25. R1d2 b5 26. Kg3 Rg8+ 27. Kh4 Rg7 28. R4d3 Rcg8 29. g3 Kf6 30. Re3 Rg4+ 31. hxg4 hxg4 32. Rxe6+ Kxe6 33. c4 Kf6 34. Rxd5 Rh8# 0-1


[Site "https://www.chess.com"]

[Event "Titled Tuesday Blitz July 11 Late 2023"]
[White "Bolourchifard, Farzad"]
[Black "Santos Flores, Alberto"]
[WhiteFideId "12510084"]
[BlackFideId "3601234"]
[WhiteElo "2666"]
[BlackElo "2520"]
[Result "1-0"]
[Round "5"]
[TimeControl "180+2"]
[Date "2023.07.11"]
[WhiteClock "0:00:16"]
[BlackClock "0:00:00"]
[Board "58"]

1. d4 d5 2. c4 c6 3. Nf3 Nf6 4. Bg5 dxc4 5. e3 b5 6. a4 Bb7 7. Nc3 a6 8. b3 b4 9. Na2 c5 10. Bxc4 e6 11. O-O Nbd7 12. Qe2 Be7 13. dxc5 Bxc5 14. Rfd1 Qb6 15. Nc1 O-O 16. Nd3 Be7 17. a5 Qa7 18. Nb2 Rfd8 19. Na4 Bc6 20. h3 h6 21. Bh4 Qb7 22. Ne1 Bxa4 23. Rxa4 Ne5 24. Rxd8+ Bxd8 25. Nc2 Nxc4 26. Qxc4 Rc8 27. Qxb4 Qc7 28. Ra2 Rb8 29. Qc4 Qxc4 30. bxc4 Rc8 31. Ra4 Nd7 32. Bxd8 Rxd8 33. Rb4 Rc8 34. Na3 Rc5 35. Ra4 e5 36. Kf1 e4 37. Ke2 Ne5 38. f3 exf3+ 39. gxf3 Nc6 40. Nc2 Rxa5 41. Rxa5 Nxa5 42. Kd3 Nc6 43. Nd4 Nxd4 44. exd4 Kf8 45. c5 Ke7 46. Kc4 Kd7 47. d5 g5 48. Kd4 a5 49. Ke5 a4 50. c6+ Kc7 51. Kf6 a3 52. Ke7 a2 53. d6+ Kxc6 54. d7 a1=Q 55. d8=Q Qe5+ 56. Kxf7 Qf5+ 57. Kg7 Qxf3 58. Qc8+ Kd6 59. Kxh6 Qf4 60. Qg4 Ke5 61. Qxg5+ 1-0


[Site "https://www.chess.com"]

[Event "Titled Tuesday Blitz July 11 Late 2023"]
[White "Adewumi, Tanitoluwa"]
[Black "Taboas Rodriguez, Daniel"]
[WhiteFideId "30966396"]
[BlackFideId "2208466"]
[WhiteElo "2654"]
[BlackElo "2506"]
[Result "0-1"]
[Round "5"]
[TimeControl "180+2"]
[Date "2023.07.11"]
[WhiteClock "0:00:25"]
[BlackClock "0:00:30"]
[Board "59"]

1. e4 e5 2. Nf3 Nc6 3. Bb5 Nf6 4. Bxc6 dxc6 5. d3 Bc5 6. Nc3 Qe7 7. Be3 Nd7 8. h3 Nf8 9. Ne2 f6 10. Qd2 Ne6 11. g4 Bd7 12. Ng3 g6 13. O-O-O O-O-O 14. Qa5 Kb8 15. Kb1 Bb6 16. Bxb6 axb6 17. Qc3 c5 18. h4 Nd4 19. Nh2 b5 20. Rhf1 b4 21. Qe1 b6 22. f4 Kb7 23. g5 exf4 24. gxf6 Qxf6 25. Nh1 Be6 26. Qf2 Ra8 27. Qxf4 Bxa2+ 28. Kc1 Ne2+ 29. Kd2 Nxf4 30. Ng4 Qd6 31. e5 Qd4 32. Rde1 Ne6 33. Ne3 Qxb2 34. Nd1 Qd4 35. Re4 Qd7 36. Ne3 Bd5 37. Rg4 Rhf8 38. Rfg1 Bxh1 39. Rxh1 Rf2+ 40. Ke1 Raf8 41. Nd1 Rxc2 42. Rh3 Nd4 43. Rhg3 Qf5 44. Ne3 Qf2+ 0-1


[Site "https://www.chess.com"]

[Event "Titled Tuesday Blitz July 11 Late 2023"]
[White "Rangel, Daniel"]
[Black "Skliarov, Viktor"]
[WhiteFideId "2124475"]
[BlackFideId "14106736"]
[WhiteElo "2493"]
[BlackElo "2634"]
[Result "1/2-1/2"]
[Round "5"]
[TimeControl "180+2"]
[Date "2023.07.11"]
[WhiteClock "0:00:07"]
[BlackClock "0:00:14"]
[Board "60"]

1. c4 e5 2. g3 Nf6 3. Bg2 c6 4. Nf3 e4 5. Nd4 Qb6 6. Nc2 d5 7. cxd5 cxd5 8. Nc3 Nc6 9. d3 h5 10. Bg5 Qxb2 11. Bxf6 gxf6 12. Nxd5 Qe5 13. dxe4 Bc5 14. Nce3 Bxe3 15. Nxe3 Qc3+ 16. Kf1 Be6 17. Nd5 Bxd5 18. exd5 Ne5 19. Rc1 Qb4 20. h4 O-O 21. e3 Kg7 22. Bf3 Rac8 23. Rxc8 Rxc8 24. Kg2 Qb2 25. d6 Rc2 26. Rf1 Rd2 27. Qb3 Qxb3 28. axb3 Nxf3 29. Kxf3 Rxd6 30. Rb1 Rd2 31. Ra1 a6 32. Ra4 Rb2 33. Rb4 b5 34. Kg2 Kg6 35. Kf3 f5 36. Kg2 Kf6 37. Rd4 a5 38. Rd6+ Ke5 39. Ra6 Ra2 40. Rb6 b4 41. Kf3 Kd5 42. Rb5+ Ke6 43. Rb6+ Ke5 44. Rb5+ Ke6 1/2-1/2


[Site "https://www.chess.com"]

[Event "Titled Tuesday Blitz July 11 Late 2023"]
[White "Martin Barcelo, Carles"]
[Black "Ehlvest, Jaan"]
[WhiteFideId "24561444"]
[BlackFideId "4500016"]
[WhiteElo "2445"]
[BlackElo "2618"]
[Result "0-1"]
[Round "5"]
[TimeControl "180+2"]
[Date "2023.07.11"]
[WhiteClock "0:00:00"]
[BlackClock "0:00:09"]
[Board "61"]

1. e4 c5 2. Nc3 Nc6 3. Bb5 Nd4 4. Nf3 e6 5. O-O a6 6. Bd3 Nc6 7. b3 g6 8. e5 f5 9. exf6 Nxf6 10. Re1 Bg7 11. Bb2 O-O 12. Qc1 d5 13. Na4 c4 14. Bf1 b5 15. Nc5 Qd6 16. d4 Ng4 17. h3 Rxf3 18. hxg4 Rf4 19. Nxe6 Rxg4 20. Nc5 Bf5 21. c3 Rf8 22. Qd2 Be4 23. Nxe4 dxe4 24. bxc4 Ne5 25. Be2 Rh4 26. g3 Rxf2 27. Kxf2 Ng4+ 28. Bxg4 Rh2+ 29. Ke3 Bh6+ 30. Kxe4 Rxd2 0-1


[Site "https://www.chess.com"]

[Event "Titled Tuesday Blitz July 11 Late 2023"]
[White "Stachanczyk, Jacek"]
[Black "Ambartsumova, Karina"]
[WhiteFideId "1116657"]
[BlackFideId "4166299"]
[WhiteElo "2376"]
[BlackElo "2613"]
[Result "1-0"]
[Round "5"]
[TimeControl "180+2"]
[Date "2023.07.11"]
[WhiteClock "0:00:41"]
[BlackClock "0:00:04"]
[Board "62"]

1. e4 e5 2. Nf3 Nc6 3. Bb5 Nf6 4. O-O Nxe4 5. d4 Nd6 6. dxe5 Nxb5 7. a4 Nbd4 8. Nxd4 Nxd4 9. Qxd4 Be7 10. c4 O-O 11. Nc3 d6 12. Bf4 dxe5 13. Qxe5 Bd6 14. Qd4 Bxf4 15. Qxf4 c6 16. Rfe1 Be6 17. a5 Qe7 18. Nd5 cxd5 19. cxd5 Rae8 20. dxe6 fxe6 21. Qe5 Rf5 22. Qxf5 exf5 23. Rxe7 Rxe7 24. Kf1 Rc7 25. Rd1 Kf7 26. Rd2 Ke6 27. Ke2 Rc5 28. b4 Rc4 29. Rb2 Kd6 30. Kd3 Kd5 31. g3 a6 32. b5 Ra4 33. bxa6 bxa6 34. Rb7 Rxa5 35. Rxg7 Ra3+ 36. Ke2 Ra2+ 37. Kf3 a5 38. Rxh7 a4 39. Ra7 Ke5 40. h4 Ra3+ 41. Kg2 f4 42. g4 f3+ 43. Kg3 Ke4 44. h5 Ra1 45. h6 a3 46. h7 Rh1 47. Rxa3 Rxh7 48. Re3+ Kd5 49. Kxf3 Rf7+ 50. Kg3 Rg7 51. f4 Kd4 52. Re1 Kd5 53. g5 Kd6 54. Kg4 Kd5 55. f5 1-0


[Site "https://www.chess.com"]